 Seeded DCSS version 0.31-a0-271-gb88eb75e06 (webtiles) character file.

Game seed: 14215367866634240820 (custom seed)

70 innerfire43 the Chopper (level 4, -2/35 HPs)
             Began as a Demonspawn Monk on July 14, 2023.
             Slain by a gnoll
             ... wielding a +0 spear
              (7 damage)
             ... on level 2 of the Dungeon.
             The game lasted 00:01:32 (1057 turns).

innerfire43 the Chopper (Demonspawn Monk)           Turns: 1057, Time: 00:01:33

Health: -2/35      AC:  5    Str: 13    XL:     4   Next: 4%
Magic:  4/4        EV: 13    Int: 11    God:
Gold:   55         SH:  0    Dex: 16    Spells: 3/3 levels left

rFire   . . .        a - +0 hand axe
rCold   . . .        d - orb {light}
rNeg    . . .        b - +0 robe
rPois   .            j - +2 helmet
rElec   .            (no cloak)
rCorr   .            (no gloves)
SInv    .            (no boots)
Will    .....        (no amulet)
Stlth   +            (no ring)
HPRegen 0.25/turn    (no ring)
MPRegen 0.09/turn

%: no passive effects
@: confused, ambrosia-drunk, glowing
A: demonic guardian 2
a: no special abilities


You were on level 2 of the Dungeon.
You visited 1 branch of the dungeon, and saw 2 of its levels.

You collected 55 gold pieces.

Inventory:

Hand Weapons
 a - a +0 hand axe (weapon)
Armour
 b - a +0 robe (worn)
 d - an orb of light (worn)
 j - a +2 helmet (worn)
Scrolls
 e - a scroll of enchant weapon {unknown}
 f - a scroll of fog {unknown}
 i - a scroll of amnesia {unknown}
Potions
 c - a potion of ambrosia
 g - a potion of curing {unknown}


   Skills:
 - Level 3.3 Fighting
 * Level 4.0 Axes
 - Level 3.0 Dodging


You had 3 spell levels left.
You didn't know any spells.
Your spell library was empty.

Dungeon Overview and Level Annotations

Branches:
Dungeon (2/15)

Altars:


Innate Abilities, Weirdness & Mutations

A demonic guardian rushes to your aid.


Message History

You hit the gnoll.
The gnoll is moderately wounded.
The gnoll closely misses you. The gnoll hits you but does no damage.
You barely miss the gnoll.
The gnoll is moderately wounded.
The gnoll closely misses you. The gnoll misses you.
You hit the gnoll.
The gnoll is heavily wounded.
The gnoll completely misses you. The gnoll barely misses you.
Nothing quivered!
You hit the gnoll.
The gnoll is severely wounded.
The gnoll misses you. The gnoll closely misses you.
You hit the gnoll.
You kill the gnoll!
The gnoll hits you from afar with a +0 spear.
Your Axes skill increases to level 4!
You have reached level 4!
You feel agile.
Your demonic ancestry asserts itself...
Your guardian grows in power.
The gnoll barely misses you. The gnoll closely misses you.
You see here 2 silver javelins.
You hit the gnoll but do no damage.
The gnoll is moderately wounded.
You hit the gnoll but do no damage. The gnoll misses you.
The gnoll hits you with a +0 spear.
You hit the gnoll but do no damage.
The gnoll is moderately wounded.
You hit the gnoll but do no damage. The gnoll hits you with a +0 club!
The gnoll hits you but does no damage.
You hit the gnoll.
The gnoll is heavily wounded.
You hit the gnoll. The gnoll hits you with a +0 club.
* * * LOW HITPOINT WARNING * * *
The gnoll hits you with a +0 spear.
* * * LOW HITPOINT WARNING * * *
A demonic guardian appears!
You are confused.
You feel invigorated. The gnoll hits you with a +0 spear!
You die...

####### .....
..(..
#####.....
#....##..#
#....##..
###.....#g# #
#.......#@#.##
#.....4.g..#
##......)...#
##...........#
#
##......#####.#
## ###.......#
..#
.####....#....#
.#
......#...#####
.#
...........##


You could see 2 gnolls and a friendly ice devil (summoned).

Vanquished Creatures
  2 gnolls (D:2)
  A worm (D:2)
  A dart slug (D:1)
  3 ball pythons (D:1)
  5 endoplasms
  A giant cockroach (D:1)
  4 goblins
  3 hobgoblins
  5 jackals (D:1)
  A kobold (D:1)
  4 quokkas (D:1)
  3 bats
  A frilled lizard (D:1)
  3 rats
37 creatures vanquished.

Vanquished Creatures (collateral kills)
  A jackal (D:1)
  A kobold (D:1)
  A frilled lizard (D:1)
3 creatures vanquished.

Grand Total: 40 creatures vanquished

Notes
Turn   | Place    | Note
-------+----------+-------------------------------------------
     0 | D:1      | innerfire43 the Demonspawn Monk began the quest for the
                  | Orb.
     0 | D:1      | Reached XP level 1. HP: 18/18 MP: 1/1
    48 | D:1      | Reached skill level 3 in Axes
    48 | D:1      | Gained mutation: A weak demonic guardian rushes to your
                  | aid. [demonic ancestry]
    48 | D:1      | Reached XP level 2. HP: 16/24 MP: 2/2
   475 | D:1      | Reached XP level 3. HP: 27/29 MP: 3/3
  1052 | D:2      | Reached skill level 4 in Axes
  1052 | D:2      | Gained mutation: A demonic guardian rushes to your aid.
                  | [demonic ancestry]
  1052 | D:2      | Reached XP level 4. HP: 25/35 MP: 4/4
  1056 | D:2      | HP: 1/35 [gnoll/+0 spear (6)]
  1057 | D:2      | Slain by a gnoll

Illustrated notes

Levels and vault maps discovered:
D:1:      dpeg_arrival_castle, layout_basic, serial_forest,
          infiniplex_forest_straight_2, infiniplex_forest_straight_3,
          infiniplex_forest_clump_double, infiniplex_forest_lined_1,
          infiniplex_forest_clump_small, infiniplex_forest_straight_2,
          infiniplex_forest_lined_3_way
D:2:      layout_rooms

Skill      XL: |  1  2  3 |
---------------+----------+-----
Axes           | 3 4 |  4.0
Dodging        | 3 |  3.0
Fighting       | |  3.3

Action                     |  1- 3 |  4- 6 || total
---------------------------+-------+-------++-------
  Melee: Hand axe          |    76 |     3 ||    79
  Throw: Javelin           |     5 |       ||     5
    Use: Potion            |       |     1 ||     1
 Armour: Robe              |    12 |     1 ||    13
  Dodge: Dodged            |    68 |     3 ||    71

Table legend: (Time is in decaauts)
 A = Elapsed time spent in this place.
 B = Non-inter-level travel time spent in this place.
 C = Inter-level travel time spent in this place.
 D = Time resting spent in this place.
 E = Time spent auto-exploring this place.
 F = Levels seen in this place.
 G = Mean time per level.
                   A        B        C        D        E       F      G
               +--------+--------+--------+--------+--------+-----+--------+
         Total |   1073 |   1066 |      7 |      0 |    852 |   2 |  536.5 |
       Dungeon |   1073 |   1066 |      7 |      0 |    852 |   2 |  536.5 |
               +--------+--------+--------+--------+--------+-----+--------+

Top non-repeatable levels by time:
     D:1: 946 daAuts
     D:2: 126 daAuts
